 Dungeon Crawl Stone Soup version 0.18-a0-824-g47fe746 (webtiles) character file.

9 Raultor the Slasher (level 2, 19/22 HPs)
             Began as a Demonspawn Gladiator on Dec 17, 2015.
             Quit the game on level 1 of the Dungeon.
             The game lasted 00:00:26 (90 turns).

Raultor the Slasher (Demonspawn Gladiator)            Turns: 90, Time: 00:00:26

Health: 19/22      AC:  4    Str: 15    XL:     2   Next: 6%
Magic:  2/2        EV: 12    Int:  9    God:
Gold:   0          SH:  0    Dex: 15    Spells: 0 memorised, 1 level left

rFire  . . .     SeeInvis .     a - +0 long sword
rCold  . . .     Gourm    .     b - +0 leather armour
rNeg   . . .     Faith    .     (no shield)
rPois  .         Spirit   .     c - +0 helmet
rElec  .         Dismiss  .     (no cloak)
rCorr  .         Reflect  .     (no gloves)
SustAt .         Harm     .     (no boots)
MR     .....                    (no amulet)
Stlth  ++........               (no ring)
                                (no ring)

@: not resistant to hostile enchantments, unstealthy
A: thin skeletal structure 1
a: no special abilities


You were on level 1 of the Dungeon.
You were not hungry.

You visited 1 branch of the dungeon, and saw 1 of its levels.

Inventory:

Hand Weapons
 a - a +0 long sword (weapon)
Missiles
 d - 3 throwing nets {=f, !d}
Armour
 b - a +0 leather armour (worn)
 c - a +0 helmet (worn)
Comestibles
 f - a bread ration {@e1}
 g - 4 chunks of flesh {@w0}


   Skills:
 + Level 2.2 Fighting
 + Level 2.8 Long Blades
 - Level 1.7 Throwing
 + Level 1.0 Armour
 - Level 2.6 Dodging


You had one spell level left.
You didn't know any spells.

Dungeon Overview and Level Annotations

Branches:
Dungeon (1/15)

Altars:


Innate Abilities, Weirdness & Mutations

You have a somewhat thin skeletal structure (Dex +2, Stealth).


Message History

Welcome, Raultor the Demonspawn Gladiator.
Will you be the one to retrieve the fabulous Orb of Zot from the depths?
Found a staircase leading out of the dungeon.
A jackal comes into view.
A jackal comes into view.
The jackal barks!
A jackal comes into view.
The jackal barks!
You slash the jackal!
You kill the jackal!
The jackal bites you.
You take 1 damage, and have 15/16 hp.
You hit the jackal.
The jackal bites you but does no damage.
The jackal barely misses you.
You slash the jackal!
You kill the jackal!
The jackal closely misses you.
You miss the jackal. The jackal bites you. The jackal closely misses you.
You take 1 damage, and have 14/16 hp.
You barely miss the jackal. The jackal barely misses you.
You barely miss the jackal. The jackal bites you. The jackal bites you.
You take 3 damage, and have 11/16 hp.
You closely miss the jackal. The jackal barely misses you.
The jackal bites you.
You take 1 damage, and have 10/16 hp.
You barely miss the jackal.
The jackal bites you but does no damage.
The jackal closely misses you.
You hit the jackal.
You kill the jackal!
Things that are here:
a jackal corpse x2
Things that are here:
a jackal corpse x2
You butcher the jackal corpse.
g - 3 chunks of flesh {@w0} You see here a jackal corpse.
You butcher the jackal corpse.
g - 4 chunks of flesh {@w0} (gained 1)
You see here a jackal skeleton.
You start resting.
A rat comes into view.
You regained 2 hp, and now have 13/16 hp.
A rat is nearby!
You hit the rat. The rat closely misses you. The rat closely misses you.
You hit the rat but do no damage. The rat closely misses you.
You slash the rat!
You kill the rat!
No target in view!
A hobgoblin comes into view.
The hobgoblin shouts!
The hobgoblin moves out of view.
The hobgoblin is too close now for your liking.
An ooze comes into view.
The ooze quivers.
The hobgoblin closely misses you.
You barely miss the hobgoblin.
The hobgoblin hits you but does no damage.
You hit the ooze but do no damage. The ooze closely misses you.
The hobgoblin closely misses you. The ooze hits you but does no damage.
You hit the ooze. The hobgoblin barely misses you. The ooze misses you.
You slash the ooze!
You kill the ooze!
Your Armour skill increases to level 1!
You have reached level 2!
Your demonic ancestry asserts itself...
Your bones become slightly less dense.
The hobgoblin closely misses you.
The hobgoblin hits you but does no damage.
You regained 5 hp, and now have 19/22 hp.
MP restored: 2

#.#. #.#. #.#
#.# #.# #.# #
####.#.###
#...@....#
#....g......
#........###
#........#
#.........#
#...........
#.....#######
#.....#


You could see a hobgoblin.

Vanquished Creatures
  An ooze (D:1)
  3 jackals (D:1)
  A rat (D:1)
5 creatures vanquished.

Notes
Turn   | Place    | Note
--------------------------------------------------------------
     0 | D:1      | Raultor the Demonspawn Gladiator began the quest for the Orb.
     0 | D:1      | Reached XP level 1. HP: 16/16 MP: 1/1
    89 | D:1      | Reached skill level 1 in Armour
    89 | D:1      | Gained mutation: You have a somewhat thin skeletal structure (Dex +2, Stealth). [demonic ancestry]
    89 | D:1      | Reached XP level 2. HP: 19/22 MP: 2/2
    90 | D:1      | Quit the game

Vault maps used:
D:1:      dpeg_arrival_connections

Action                   || total
-------------------------++-------
Melee: Long sword        ||    16

Vault maps used:
D:1:      dpeg_arrival_connections

Table legend:
 A = Turns spent in this place as a percentage of turns spent in the entire game.
 B = Non-inter-level travel turns spent in this place as a percentage of non-inter-level travel turns spent in the entire game.
 C = Inter-level travel turns spent in this place as a percentage of turns spent in this place.
 D = Turns resting spent in this place as a percentage of non-inter-level travel turns spent in this place.
 E = Turns spent auto-exploring this place as a percentage of non-inter-level travel turns spent in this place.
 F = Non-inter-level travel turns spent in this place divided by the number of levels of this place that you've seen.
                   A       B       C       D       E      F
               +-------+-------+-------+-------+-------+----------------------
         Total | 100.0 | 100.0 |   0.0 |   4.9 |   7.3 |  41.0
       Dungeon | 100.0 | 100.0 |   0.0 |   4.9 |   7.3 |  41.0
               +-------+-------+-------+-------+-------+----------------------

Table legend:
 A = Kills in this place as a percentage of kills in entire the game.
 B = Kills by you in this place as a percentage of kills by you in the entire game.
 C = Kills by friends in this place as a percentage of kills by friends in the entire game.
 D = Other kills in this place as a percentage of other kills in the entire game.
 E = Experience gained in this place as a percentage of experience gained in the entire game.
 F = Experience gained in this place divided by the number of levels of this place that you have seen.
                   A       B       C       D       E      F
               +-------+-------+-------+-------+-------+----------------------
         Total | 100.0 | 100.0 |  -nan |  -nan | 100.0 |  14.0
       Dungeon | 100.0 | 100.0 |  -nan |  -nan | 100.0 |  14.0
               +-------+-------+-------+-------+-------+----------------------
